TOP OF THE 1ST |
University of Illinois Fighting Illini batting - Pitching for Ohio State University Buckeyes : RHP Billy Emerson
|
Pitching: RHP Billy Emerson
|
|
Batting: RHB Qian Tai
|
0-0: Swinging Strike 0-1: Called Strike 0-2: Ball 1-2: Foul Ball, location: 2F 1-2: Strikes out swinging
|
Batting: LHB Jessie Stewart
|
0-0: Called Strike 0-1: Swinging Strike 0-2: Strikes out swinging
|
Batting: SHB Dan Strickland
|
0-0: Called Strike 0-1: Ball 1-1: Ball 2-1: Foul Ball, location: 2F 2-2: Fly out, F7 (Flyball, 7S, EV 87.5 MPH)
|
Top of the 1st over - 0 runs, 0 hits, 0 errors, 0 left on base; University of Illinois 0 - Ohio State University 0 |
BOTTOM OF THE 1ST |
Ohio State University Buckeyes batting - Pitching for University of Illinois Fighting Illini : RHP Brian Walker
|
Pitching: RHP Brian Walker
|
|
Batting: LHB Anthony Ross
|
0-0: Called Strike 0-1: Foul Ball, location: 2F 0-2: Ball 1-2: Ball 2-2: Ball 3-2: DOUBLE (Line Drive, 78M, EV 94.4 MPH)
|
Batting: RHB Jacob Carrano
|
0-0: Swinging Strike 0-1: Called Strike 0-2: Ground out 6-3 (Groundball, 6, EV 80.0 MPH)
|
Batting: LHB Tony Abascal
|
0-0: Foul Ball, location: 2F 0-1: 2-RUN HOME RUN (Flyball, 9LD, EV 95.6 MPH), Distance : 355 ft
|
Batting: RHB Tristan Gimple
|
0-0: Ball 1-0: Swinging Strike 1-1: Fly out, F8 (Flyball, 8LD, EV 96.9 MPH)
|
Batting: LHB Zach Brandt
|
0-0: SINGLE (Line Drive, 89S, EV 104.4 MPH)
|
Batting: RHB Masatoshi Mori
|
0-0: Called Strike Zach Brandt steals 2nd base 0-1: Foul Ball, location: 2F 0-2: Ball 1-2: Fly out, F4 (Popup, 34S, EV 71.2 MPH)
|
Bottom of the 1st over - 2 runs, 3 hits, 0 errors, 1 left on base; University of Illinois 0 - Ohio State University 2 |
TOP OF THE 2ND |
University of Illinois Fighting Illini batting - Pitching for Ohio State University Buckeyes : RHP Billy Emerson
|
Batting: LHB Antonio Sandoval
|
0-0: Called Strike 0-1: Ball 1-1: Called Strike 1-2: Ball 2-2: Strikes out swinging
|
Batting: SHB Josh Thomson
|
0-0: Ball 1-0: Ball 2-0: Foul Ball, location: 2F 2-1: Foul Ball, location: 2F 2-2: Ball 3-2: Strikes out swinging
|
Batting: RHB Caleb Dean
|
0-0: Ball 1-0: Called Strike 1-1: Foul Ball, location: 2F 1-2: Foul Ball, location: 2F 1-2: Strikes out swinging
|
Top of the 2nd over - 0 runs, 0 hits, 0 errors, 0 left on base; University of Illinois 0 - Ohio State University 2 |
BOTTOM OF THE 2ND |
Ohio State University Buckeyes batting - Pitching for University of Illinois Fighting Illini : RHP Brian Walker
|
Batting: RHB Bo Wu
|
0-0: Ball 1-0: Ball 2-0: Ball 3-0: Base on Balls
|
Batting: RHB David Guillen
|
0-0: Ball 1-0: Ball Bo Wu steals 2nd base 2-0: SINGLE (Line Drive, 4MD, EV 95.6 MPH) Bo Wu to third
|
Batting: RHB Josh Dinsmore
|
0-0: Ball 1-0: Ball 2-0: Ball 3-0: Base on Balls David Guillen to second
|
Batting: LHB Anthony Ross
|
0-0: Ball 1-0: Called Strike 1-1: Grounds out, U3 (Groundball, 3L, EV 90.0 MPH) Bo Wu scores David Guillen to third
|
Batting: RHB Jacob Carrano
|
0-0: Ball 1-0: Ball 2-0: Called Strike 2-1: Swinging Strike 2-2: SINGLE (Groundball, 6M, EV 103.1 MPH) (infield hit) David Guillen scores Josh Dinsmore to third
|
Batting: LHB Tony Abascal
|
0-0: Ball Jacob Carrano steals 2nd base 1-0: Called Strike 1-1: Ball 2-1: Foul Ball, location: 2F 2-2: Foul Ball, location: 2F 2-2: Strikes out swinging
|
Batting: RHB Tristan Gimple
|
0-0: Ball 1-0: Swinging Strike 1-1: Ball 2-1: Ground out 4-3 (Groundball, 4, EV 86.2 MPH)
|
Bottom of the 2nd over - 2 runs, 2 hits, 0 errors, 2 left on base; University of Illinois 0 - Ohio State University 4 |
TOP OF THE 3RD |
University of Illinois Fighting Illini batting - Pitching for Ohio State University Buckeyes : RHP Billy Emerson
|
Batting: LHB Alex Ramos
|
0-0: Foul Ball, location: 2F 0-1: Ball 1-1: Ball 2-1: Foul Ball, location: 2F 2-2: Strikes out swinging
|
Batting: RHB Bobby Raya
|
0-0: Foul Ball, location: 2F 0-1: Ball 1-1: Called Strike 1-2: Foul Ball, location: 2F 1-2: SINGLE (Groundball, 6MD, EV 95.0 MPH)
|
Batting: RHB Kyle Verkamp
|
0-0: Foul Ball, location: 2F 0-1: Swinging Strike 0-2: Ball 1-2: Ball 2-2: Fly out, F7 (Line Drive, 7, EV 90.0 MPH)
|
Batting: RHB Qian Tai
|
0-0: Called Strike 0-1: Foul Ball, location: 2F 0-2: Foul Ball, location: 2F 0-2: Ball 1-2: Ball 2-2: Ground out 5-3 (Groundball, 56S, EV 87.5 MPH)
|
Top of the 3rd over - 0 runs, 1 hit, 0 errors, 1 left on base; University of Illinois 0 - Ohio State University 4 |
BOTTOM OF THE 3RD |
Ohio State University Buckeyes batting - Pitching for University of Illinois Fighting Illini : RHP Brian Walker
|
Batting: LHB Zach Brandt
|
0-0: Foul Ball, location: 2F 0-1: Ball 1-1: Called Strike 1-2: SINGLE (Line Drive, 34D, EV 99.4 MPH)
|
Batting: RHB Masatoshi Mori
|
0-0: Swinging Strike 0-1: Called Strike 0-2: Strikes out swinging
|
Batting: RHB Bo Wu
|
0-0: Called Strike 0-1: Ball 1-1: Foul Ball, location: 2F 1-2: Strikes out looking
|
Batting: RHB David Guillen
|
0-0: Called Strike 0-1: Swinging Strike 0-2: Ball 1-2: Ball 2-2: Ball 3-2: DOUBLE (Line Drive, 78D, EV 101.9 MPH) Zach Brandt to third Zach Brandt scores
|
Pitching: RHP Dante Taylor
|
|
Batting: RHB Josh Dinsmore
|
0-0: Ball 1-0: Called Strike 1-1: Swinging Strike 1-2: Strikes out swinging
|
Bottom of the 3rd over - 1 run, 2 hits, 0 errors, 1 left on base; University of Illinois 0 - Ohio State University 5 |
TOP OF THE 4TH |
University of Illinois Fighting Illini batting - Pitching for Ohio State University Buckeyes : RHP Billy Emerson
|
Batting: LHB Jessie Stewart
|
0-0: Ground out 4-3 (Groundball, 4, EV 83.8 MPH)
|
Batting: SHB Dan Strickland
|
0-0: Ball 1-0: Ball 2-0: Called Strike 2-1: Ball 3-1: Foul Ball, location: 2F 3-2: Base on Balls
|
Batting: LHB Antonio Sandoval
|
0-0: Called Strike 0-1: Fly out, F7 (Flyball, 78M, EV 93.1 MPH)
|
Pitching: RHP Josh Henderson
|
|
Batting: SHB Josh Thomson
|
0-0: Foul Ball, location: 2F 0-1: Ball 1-1: Ground out 1-3 (Groundball, P, EV 66.9 MPH)
|
Top of the 4th over - 0 runs, 0 hits, 0 errors, 1 left on base; University of Illinois 0 - Ohio State University 5 |
BOTTOM OF THE 4TH |
Ohio State University Buckeyes batting - Pitching for University of Illinois Fighting Illini : RHP Dante Taylor
|
Pitching: RHP Steve Powell
|
|
Pinch Hitting: RHB Mike Tarantino
|
0-0: Ball 1-0: Ball 2-0: Foul Ball, location: 2F 2-1: Foul Ball, location: 2F 2-2: Foul Ball, location: 2F 2-2: Ground out U3 (Groundball, 13, EV 82.5 MPH)
|
Batting: RHB Jacob Carrano
|
0-0: Ball 1-0: SOLO HOME RUN (Line Drive, 78XD, EV 114.4 MPH), Distance : 448 ft
|
Batting: LHB Tony Abascal
|
0-0: Called Strike 0-1: Called Strike 0-2: Ball 1-2: Strikes out swinging
|
Batting: RHB Tristan Gimple
|
0-0: Swinging Strike 0-1: Called Strike 0-2: Strikes out swinging
|
Bottom of the 4th over - 1 run, 1 hit, 0 errors, 0 left on base; University of Illinois 0 - Ohio State University 6 |
TOP OF THE 5TH |
University of Illinois Fighting Illini batting - Pitching for Ohio State University Buckeyes : RHP Josh Henderson
|
Now at 2B: Marcelo Bardelli
|
|
Now at 3B: Mike Tarantino
|
|
Batting: RHB Caleb Dean
|
0-0: Called Strike 0-1: Swinging Strike 0-2: Ball 1-2: Ball 2-2: Strikes out swinging
|
Batting: LHB Alex Ramos
|
0-0: Ball 1-0: Ball 2-0: Swinging Strike 2-1: Foul Ball, location: 2F 2-2: Ball 3-2: Foul Ball, location: 2F 3-2: Strikes out swinging
|
Batting: RHB Bobby Raya
|
0-0: Called Strike 0-1: Ball 1-1: Ball 2-1: Ball 3-1: Base on Balls
|
Batting: RHB Kyle Verkamp
|
0-0: Called Strike 0-1: Ball 1-1: SINGLE (Groundball, 34, EV 101.2 MPH) (infield hit) Bobby Raya to second
|
Batting: RHB Qian Tai
|
0-0: Ball 1-0: Fly out, F9 (Flyball, 89XD, EV 103.8 MPH)
|
Top of the 5th over - 0 runs, 1 hit, 0 errors, 2 left on base; University of Illinois 0 - Ohio State University 6 |
BOTTOM OF THE 5TH |
Ohio State University Buckeyes batting - Pitching for University of Illinois Fighting Illini : RHP Steve Powell
|
Now at 1B: Arnold Schuler
|
|
Batting: LHB Zach Brandt
|
0-0: Called Strike 0-1: Ball 1-1: Called Strike 1-2: Ball 2-2: Strikes out swinging
|
Batting: RHB Masatoshi Mori
|
0-0: Ball 1-0: Ball 2-0: Fly out, F8 (Flyball, 89D, EV 98.1 MPH)
|
Batting: RHB Bo Wu
|
0-0: Foul Ball, location: 2F 0-1: Ground out 6-3 (Groundball, 6, EV 81.9 MPH)
|
Bottom of the 5th over - 0 runs, 0 hits, 0 errors, 0 left on base; University of Illinois 0 - Ohio State University 6 |
TOP OF THE 6TH |
University of Illinois Fighting Illini batting - Pitching for Ohio State University Buckeyes : RHP Josh Henderson
|
Batting: RHB Arnold Schuler
|
0-0: Called Strike 0-1: Called Strike 0-2: Foul Ball, location: 2F 0-2: Ball 1-2: Ball 2-2: Ball 3-2: Strikes out swinging
|
Batting: SHB Dan Strickland
|
0-0: Ball 1-0: Foul Ball, location: 2F 1-1: Ball 2-1: Ball 3-1: Foul Ball, location: 2F 3-2: Base on Balls
|
Pitching: RHP Roberto Morado
|
|
Batting: LHB Salvador Ramos
|
0-0: Called Strike 0-1: Fly out, F9 (Flyball, 89M, EV 95.0 MPH)
|
Pinch Hitting: RHB Edwardo Tanchez
|
0-0: Called Strike 0-1: Swinging Strike 0-2: Fly out, F9 (Flyball, 89D, EV 100.6 MPH)
|
Top of the 6th over - 0 runs, 0 hits, 0 errors, 1 left on base; University of Illinois 0 - Ohio State University 6 |
BOTTOM OF THE 6TH |
Ohio State University Buckeyes batting - Pitching for University of Illinois Fighting Illini : RHP Steve Powell
|
Pitching: RHP Jerry Schlaak
|
|
Now at SS: Edwardo Tanchez
|
|
Batting: RHB Marcelo Bardelli
|
0-0: SINGLE (Popup, 4MD, EV 44.4 MPH)
|
Batting: RHB Josh Dinsmore
|
0-0: Ball 1-0: Ball Marcelo Bardelli steals 2nd base 2-0: Ground out 6-3 (Groundball, 6, EV 86.9 MPH)
|
Batting: RHB Mike Tarantino
|
0-0: Swinging Strike 0-1: Fly out, F7 (Line Drive, 7, EV 103.8 MPH)
|
Batting: RHB Jacob Carrano
|
0-0: Swinging Strike 0-1: Ball 1-1: Reached on error, E3 (Groundball, 34S, EV 75.0 MPH) Marcelo Bardelli to third
|
Pinch Hitting: LHB Adam Simpson
|
0-0: Ball 1-0: Ball 2-0: Called Strike 2-1: SINGLE (Groundball, P, EV 87.5 MPH) (infield hit) Marcelo Bardelli scores Jacob Carrano to second
|
Batting: RHB Tristan Gimple
|
0-0: Ball 1-0: Ball 2-0: Ball 3-0: Base on Balls Jacob Carrano to third Adam Simpson to second
|
Batting: LHB Zach Brandt
|
0-0: Called Strike 0-1: Called Strike 0-2: Foul Ball, location: 2F 0-2: Strikes out swinging
|
Bottom of the 6th over - 1 run, 2 hits, 1 error, 3 left on base; University of Illinois 0 - Ohio State University 7 |
TOP OF THE 7TH |
University of Illinois Fighting Illini batting - Pitching for Ohio State University Buckeyes : RHP Roberto Morado
|
Now in RF: Adam Simpson
|
|
Batting: RHB Caleb Dean
|
0-0: Called Strike 0-1: Ball 1-1: Swinging Strike 1-2: Strikes out swinging
|
Batting: LHB Alex Ramos
|
0-0: Ball 1-0: SINGLE (Flyball, 78S, EV 89.4 MPH)
|
Batting: RHB Bobby Raya
|
0-0: Swinging Strike 0-1: Ball 1-1: Foul Ball, location: 2F 1-2: Strikes out swinging
|
Batting: RHB Kyle Verkamp
|
0-0: Ball 1-0: Ball 2-0: Ball Alex Ramos steals 2nd base (no throw) 3-0: Foul Ball, location: 2F 3-1: Swinging Strike 3-2: Strikes out swinging
|
Top of the 7th over - 0 runs, 1 hit, 0 errors, 1 left on base; University of Illinois 0 - Ohio State University 7 |
BOTTOM OF THE 7TH |
Ohio State University Buckeyes batting - Pitching for University of Illinois Fighting Illini : RHP Jerry Schlaak
|
Batting: LHB Ben Callaway
|
0-0: Ball 1-0: Ball 2-0: Foul Ball, location: 2F 2-1: Fly out, F6 (Popup, 6MD, EV 58.1 MPH)
|
Batting: RHB Bo Wu
|
0-0: Ball 1-0: Called Strike 1-1: Swinging Strike 1-2: Ball 2-2: Ball 3-2: Ground out 4-3 (Groundball, 4, EV 87.5 MPH)
|
Batting: RHB Marcelo Bardelli
|
0-0: Ground out 4-3 (Groundball, 4, EV 87.5 MPH)
|
Bottom of the 7th over - 0 runs, 0 hits, 0 errors, 0 left on base; University of Illinois 0 - Ohio State University 7 |
TOP OF THE 8TH |
University of Illinois Fighting Illini batting - Pitching for Ohio State University Buckeyes : RHP Roberto Morado
|
Batting: RHB Qian Tai
|
0-0: Called Strike 0-1: Foul Ball, location: 2F 0-2: Fly out, F8 (Line Drive, 8RM, EV 86.9 MPH)
|
Batting: RHB Arnold Schuler
|
0-0: Called Strike 0-1: Foul Ball, location: 2F 0-2: Ground out 6-3 (Groundball, 6, EV 83.1 MPH)
|
Batting: SHB Dan Strickland
|
0-0: Ball 1-0: Called Strike 1-1: Foul Ball, location: 2F 1-2: Fly out, F8 (Flyball, 8RD, EV 85.6 MPH)
|
Top of the 8th over - 0 runs, 0 hits, 0 errors, 0 left on base; University of Illinois 0 - Ohio State University 7 |
BOTTOM OF THE 8TH |
Ohio State University Buckeyes batting - Pitching for University of Illinois Fighting Illini : RHP Jerry Schlaak
|
Pitching: RHP Jose Ramirez
|
|
Batting: RHB Josh Dinsmore
|
0-0: Called Strike 0-1: Ball 1-1: Ball 2-1: Fly out, F9 (Line Drive, 9LM, EV 90.0 MPH)
|
Batting: RHB Mike Tarantino
|
0-0: Hit by Pitch
|
Batting: RHB Jacob Carrano
|
0-0: Ball 1-0: Ball 2-0: Fly out, F9 (Flyball, 9D, EV 96.9 MPH)
|
Batting: LHB Adam Simpson
|
0-0: Called Strike 0-1: Called Strike 0-2: Ball 1-2: Strikes out looking
|
Bottom of the 8th over - 0 runs, 0 hits, 0 errors, 1 left on base; University of Illinois 0 - Ohio State University 7 |
TOP OF THE 9TH |
University of Illinois Fighting Illini batting - Pitching for Ohio State University Buckeyes : RHP Roberto Morado
|
Pitching: RHP Danny Arnold
|
|
Batting: LHB Salvador Ramos
|
0-0: Called Strike 0-1: Swinging Strike 0-2: Ball 1-2: Strikes out swinging, 2-3 out at first.
|
Batting: RHB Edwardo Tanchez
|
0-0: Called Strike 0-1: Ball 1-1: Ball 2-1: Ball 3-1: Base on Balls
|
Pinch Hitting: LHB Alex Rivera
|
0-0: Ball 1-0: Ball 2-0: SINGLE (Line Drive, 34D, EV 102.5 MPH) Edwardo Tanchez to second
|
Batting: LHB Alex Ramos
|
0-0: Called Strike 0-1: Swinging Strike 0-2: Fielders Choice at 2nd, 3-6 (Groundball, 3S, EV 84.4 MPH) Edwardo Tanchez to third
|
Batting: RHB Bobby Raya
|
0-0: Ball Wild Pitch! Edwardo Tanchez scores Alex Ramos to second 1-0: Ball 2-0: Ball 3-0: Called Strike 3-1: Foul Ball, location: 2F 3-2: Strikes out swinging
|
Top of the 9th over - 1 run, 1 hit, 0 errors, 1 left on base; University of Illinois 1 - Ohio State University 7 |
|